 Dungeon Crawl Stone Soup version 0.31.0-12-g77e489cdc1 (webtiles) character file.

Game seed: 16498647385462753302

51 Gadfly the Shield-Bearer (level 3, -4/23 HPs)
             Began as a Gargoyle Fighter on Mar 8, 2024.
             Slain by a hobgoblin
             ... wielding a +0 quarterstaff
              (6 damage)
             ... on level 2 of the Dungeon.
             The game lasted 00:01:19 (1097 turns).

Gadfly the Shield-Bearer (Gargoyle Fighter)         Turns: 1097, Time: 00:01:21

Health: -4/23      AC: 11    Str: 19    XL:     3   Next: 83%
Magic:  4/4        EV:  6    Int:  8    God:
Gold:   105        SH:  4    Dex: 11    Spells: 2/2 levels left

rFire   . . .        a - +0 flail
rCold   . . .        c - +0 buckler
rNeg    + . .        b - +0 scale mail
rPois   ∞            (no helmet)
rElec   +            (no cloak)
rCorr   .            (no gloves)
SInv    .            e - +0 pair of boots
Will    .....        (no amulet) Stlth
                     j - ring of flight
HPRegen 0.23/turn    (no ring)
MPRegen 0.09/turn

%: no passive effects
@: flying, constricted
A: sickness immunity, AC +3, negative energy resistance 1, electricity
resistance, torment resistance 1, petrification resistance
a: no special abilities


You were on level 2 of the Dungeon.
You visited 1 branch of the dungeon, and saw 2 of its levels.

You collected 105 gold pieces.

Inventory:

Hand Weapons
 a - a +0 flail (weapon)
Armour
 b - a +0 scale mail (worn)
 c - a +0 buckler (worn)
 e - a +0 pair of boots (worn)
Jewellery
 j - a ring of flight (left hand)
Potions
 d - a potion of might
 i - a potion of lignification
 k - a potion of curing {unknown}


   Skills:
 + Level 3.5 Fighting
 * Level 2.5 Maces & Flails
 + Level 3.5 Armour
 + Level 3.5 Shields
 * Level 1.6 Invocations
 * Level 1.1 Evocations


You had 2 spell levels left.
You didn't know any spells.
Your spell library was empty.

Dungeon Overview and Level Annotations

Branches:
Dungeon (2/15)

Altars:


Innate Abilities, Weirdness & Mutations

You are immune to sickness and miasma.
Your stone body is resilient. (AC +3)
You are immune to poison.
You resist negative energy. (rN+)
You are resistant to electric shocks. (rElec)
You are resistant to unholy torment.
You are immune to petrification.


Message History

A hobgoblin comes into view. It is wielding a +0 quarterstaff.
A ball python comes into view.
The ball python hisses angrily.
You block the hobgoblin's attack.
You hit the hobgoblin.
The hobgoblin is severely wounded.
The hobgoblin barely misses you.
You closely miss the hobgoblin.
The hobgoblin is severely wounded.
The hobgoblin misses you. The hobgoblin barely misses you.
The hobgoblin completely misses you. The hobgoblin barely misses you.
You hit the hobgoblin.
The hobgoblin is almost dead.
The hobgoblin hits you with a +0 quarterstaff.
You block the hobgoblin's attack.
You hit the hobgoblin.
You kill the hobgoblin!
The hobgoblin hits you with a +0 quarterstaff.
The ball python closely misses you. You block the ball python's attack.
You barely miss the ball python.
The hobgoblin hits you with a +0 quarterstaff.
The ball python closely misses you. The ball python grabs you.
The ball python constricts you. The hobgoblin completely misses you.
You barely miss the ball python.
The ball python bites you but does no damage.
The ball python constricts you.
The ball python bites you but does no damage.
The ball python constricts you. You block the hobgoblin's attack.
You closely miss the ball python. The ball python barely misses you.
The ball python constricts you.
The hobgoblin hits you with a +0 quarterstaff.
The ball python bites you but does no damage.
The ball python constricts you.
You hit the ball python but do no damage.
The hobgoblin hits you with a +0 quarterstaff!
* * * LOW HITPOINT WARNING * * *
The ball python bites you but does no damage.
The ball python constricts you.
The hobgoblin hits you with a +0 quarterstaff.
You die...

. ... #########
.....######.......####
......S@..............
......g.###.......#.##
........# #...........
#####...# #.........##
#...# #.......(...
#...# #.......###.
##'## #.##.##.# #...
###...#.# +.8.##
##.8...#


You could see a hobgoblin and a ball python.

Vanquished Creatures
  A dart slug (D:2)
  2 bats
  4 endoplasms
  A giant cockroach (D:2)
  A goblin (D:1)
  4 hobgoblins
  15 jackals (D:1)
  2 kobolds (D:1)
  3 ball pythons (D:1)
  7 frilled lizards
  2 rats (D:1)
42 creatures vanquished.

Notes
Turn   | Place    | Note
-------+----------+-------------------------------------------
     0 | D:1      | Gadfly the Gargoyle Fighter began the quest for the Orb.
     0 | D:1      | Reached XP level 1. HP: 14/14 MP: 1/1
    78 | D:1      | Reached XP level 2. HP: 19/19 MP: 2/2
   373 | D:1      | Reached skill level 1 in Invocations
   391 | D:1      | Reached XP level 3. HP: 18/23 MP: 3/3
   918 | D:2      | Reached skill level 1 in Evocations
  1097 | D:2      | Slain by a hobgoblin

Illustrated notes

Levels and vault maps discovered:
D:1:      elethiomel_arrival_shortcut, layout_basic
D:2:      layout_basic, grunt_ministairs_13, uniq_natasha, uniq_terence

Skill      XL: |  1  2  3 |
---------------+----------+-----
Invocations    | 1 |  1.6
Evocations     | 1 |  1.1
Fighting       | |  3.5
Maces & Flails | |  2.5
Armour         | |  3.5
Shields        | |  3.5

Action                     || total
---------------------------++-------
  Melee: Flail             ||   141
    Use: Scroll            ||     5
 Armour: Scale mail        ||   103
  Dodge: Dodged            ||    98
  Block: Buckler           ||    51
